Description

Very hard competitive tvz build with detailed actions and build until lategame. Play like maru.

Build Order

Get SALT Encoding   

  14  00:18  Supply Depot  
  16  00:41  Barracks  1 marine
  16  00:45  Refinery  
  20  01:30  Orbital Command  rally scv to scout
  20  01:44  Command Center  
  21  02:00  Factory  maru scouts exp first
  22  02:05  Barracks Reactor  
  22  02:11  Supply Depot  
  23  02:22  Refinery  
  23  02:42  Marine x2  
  26  02:46  Starport  
  28  02:47  Hellion  
  29  02:56  Orbital Command  
  31  03:01  Marine x2  marines defend 2 zerglings and deny scouting in mainbase by overlord
  34  03:09  Widow Mine  
  35  03:17  Supply Depot  walls natural
  37  03:23  Medivac  
  35  03:29  Action  switch factory and barracks
  40  03:32  Marine  
  44  03:38  Hellion x2  
  46  03:44  Supply Depot  walls natural
  46  03:50  Barracks Tech Lab  
  47  03:54  Action  mine marines load in medivac- do some damage in zerg main clear overloards hellions clear creep
  47  03:56  Starport Tech Lab  
  50  04:02  Hellion x2  
  55  04:12  Marine  
  55  04:14  Supply Depot  walls natural
  59  04:18  Banshee  cloak (save money for command center)
  61  04:44  Command Center  
  68  04:58  Marine  stim
  68  04:59  Factory Reactor  float
  69  05:06  Supply Depot  Upgrade stim
  70  05:13  Barracks x2  take reactors, orbital save energy for scan
  70  05:20  Engineering Bay x2  
  73  05:30  Marine  
  74  05:40  Refinery x2  natural
  76  05:48  Starport Reactor  Upgrade +1+1
  77  05:50  Action  float factory / stay active with medivac + banshee move out + hellions
  82  06:05  Heavy Siege Tank  
  82  06:07  Barracks x2  hit marine cycles from now on
  87  06:20  Supply Depot  
  93  06:30  Medivac  
  97  06:40  Action  lift orbital 3rd cc
  99  06:50  Supply Depot  
  99  06:58  Combat Shield  
  99  07:00  Armory  
  102  07:07  Barracks Reactor x2  
  122  07:30  Medivac  
  123  07:34  Supply Depot x2  
  123  07:39  Action  attack 4th or 5th /banshee stay defensive / clear creep
  125  07:42  Action  +2+2 / siege off creep
  141301  07:52  Supply Depot x3  
  141  08:10  Orbital Command  /focus banelings w tanks
  150  08:14  Medivac x2  
  150  08:20  Supply Depot x3  
  155  09:05  Refinery x2  3rd
  160  09:30  Missile Turret x3, Factory  float 4th, upgrade +1 armor vehicle
  180  10:10  Thor  secure 3th and 4th w siege tanks
  180  10:30  Barracks x3  prioritize marauder thor, drilling claws
  180  10:35  Barracks Reactor  
  180  10:45  Action  marine mutli attack ~ 2x 3 medivac
  180  11:00  Orbital Command  
  180  11:30  Action  protect 3rd mineral + widow mines
  180  12:10  Action  +3+3
  180  12:50  Action  5th + concussive
  180  15:50  Liberator x2  see ultralisk
Spawning Tool Build Advisor. Get it on Overwolf

Go to:

Details

  • Created by: lucahecker
  • Published on: Mar 23, 2021
  • Modified on: Mar 23, 2021
  • Patch: 4.11.0
  • Difficulty: Hard
Show
View Real Time Build Order
Export as new Build Order

Comments (1)

On April 23, 2021, 6:38 a.m., Starlord4312  said:

very nice comments in build

Create an account to comment!